PAA
LANNISTER UNITED LIONHEARTS @ ATHLETIC CLUB KC ACADEMY
07/21/2025
 
TOP OF THE 1ST
Lannister United Lionhearts batting - Pitching for Athletic Club KC Academy : RHP César Méndez
Pitching: RHP César Méndez
Batting: LHB Jon Baxter 0-0: Ball
1-0: Ball
2-0: Foul Ball, location: 2F
2-1: Called Strike
2-2: Strikes out looking
Batting: LHB António Boccanegra 0-0: Ball
1-0: Ball
2-0: Ball
3-0: Called Strike
3-1: Swinging Strike
3-2: SINGLE (Groundball, 34D)
Batting: RHB Tony Martínez 0-0: Ball
1-0: Ball
2-0: Foul Ball, location: 2F
2-1: Ball
3-1: Fly out, F5 (Line Drive, 56)
Batting: LHB Gonzalo Álvarez 0-0: Called Strike
0-1: Ball
1-1: Called Strike
1-2: Ball
2-2: 2-RUN HOME RUN (Flyball, 78XD), Distance : 423 ft
Batting: SHB Corey Neace 0-0: Foul Ball, location: 2F
0-1: Ball
1-1: Ball
2-1: Swinging Strike
2-2: Fly out, F7 (Flyball, 7S)
Top of the 1st over - 2 run(s), 2 hit(s), 0 error(s), 0 left on base; Lannister United 2 - Athletic Club KC Academy 0
BOTTOM OF THE 1ST
Athletic Club KC Academy batting - Pitching for Lannister United Lionhearts : RHP Enea Dini
Pitching: RHP Enea Dini
Batting: RHB Filip Huigen 0-0: Called Strike
0-1: Ground out 4-3 (Groundball, 4)
Batting: SHB Sang-your Yu 0-0: Ground out 4-3 (Groundball, 4)
Batting: RHB Nathaniel Gault 0-0: Fly out, F7 (Flyball, 7D)
Bottom of the 1st over - 0 run(s), 0 hit(s), 0 error(s), 0 left on base; Lannister United 2 - Athletic Club KC Academy 0
TOP OF THE 2ND
Lannister United Lionhearts batting - Pitching for Athletic Club KC Academy : RHP César Méndez
Batting: RHB Bruce Ingilby 0-0: Ball
1-0: Fly out, F7 (Line Drive, 7)
Batting: LHB Evan Nelson 0-0: Called Strike
0-1: Called Strike
0-2: Ball
1-2: Strikes out swinging
Batting: RHB Martín Alejadre 0-0: Ball
1-0: Foul Ball, location: 2F
1-1: Foul Ball, location: 2F
1-2: Ball
2-2: Fly out, F9 (Flyball, 9S)
Top of the 2nd over - 0 run(s), 0 hit(s), 0 error(s), 0 left on base; Lannister United 2 - Athletic Club KC Academy 0
BOTTOM OF THE 2ND
Athletic Club KC Academy batting - Pitching for Lannister United Lionhearts : RHP Enea Dini
Batting: LHB Tony García 0-0: SINGLE (Line Drive, 4MD)
Batting: LHB Michael Landry 0-0: Swinging Strike
0-1: Ball
1-1: Swinging Strike
1-2: Fielders Choice at 2nd, 4-6 (Groundball, 34)
Batting: RHB Iván Chacón 0-0: Ball
1-0: Fly out, F8 (Flyball, 8RXD)
Batting: LHB Enrique Miranda 0-0: Ground out U3 (Groundball, 34S)
Bottom of the 2nd over - 0 run(s), 1 hit(s), 0 error(s), 1 left on base; Lannister United 2 - Athletic Club KC Academy 0
TOP OF THE 3RD
Lannister United Lionhearts batting - Pitching for Athletic Club KC Academy : RHP César Méndez
Batting: RHB Jason Compton 0-0: Called Strike
0-1: Foul Ball, location: 2F
0-2: Ground out 6-3 (Groundball, 6)
Batting: LHB Jon Baxter 0-0: Called Strike
0-1: Ball
1-1: Ground out 3-1 (Groundball, 34)
Batting: LHB António Boccanegra 0-0: Ball
1-0: Ground out U3 (Groundball, 34)
Top of the 3rd over - 0 run(s), 0 hit(s), 0 error(s), 0 left on base; Lannister United 2 - Athletic Club KC Academy 0
BOTTOM OF THE 3RD
Athletic Club KC Academy batting - Pitching for Lannister United Lionhearts : RHP Enea Dini
Batting: RHB José Flores 0-0: Called Strike
0-1: SINGLE (Groundball, 6MD)
Batting: RHB Felipe Pabalate 0-0: Ball
1-0: Called Strike
1-1: Ball
2-1: Fly out, F5 (Line Drive, 5)
Batting: RHB Filip Huigen 0-0: Called Strike
0-1: Foul Ball, location: 2F
0-2: SINGLE (Groundball, 6MD)
José Flores to second
Batting: SHB Sang-your Yu 0-0: Ball
1-0: Grounds into double play, 4-6-3 (Groundball, 4)
Bottom of the 3rd over - 0 run(s), 2 hit(s), 0 error(s), 1 left on base; Lannister United 2 - Athletic Club KC Academy 0
TOP OF THE 4TH
Lannister United Lionhearts batting - Pitching for Athletic Club KC Academy : RHP César Méndez
Batting: RHB Tony Martínez 0-0: Swinging Strike
0-1: Swinging Strike
0-2: Ball
1-2: Ball
2-2: SINGLE (Line Drive, 6)
Batting: LHB Gonzalo Álvarez 0-0: SINGLE (Flyball, 8LS)
Tony Martínez to second
Batting: SHB Corey Neace 0-0: Ball
Wild Pitch!
Tony Martínez to third
Gonzalo Álvarez to second
1-0: Swinging Strike
1-1: Fly out, F8 (Flyball, 78S)
Runner from 3rd tags up, SCORES, no throw
Batting: RHB Bruce Ingilby 0-0: Ball
1-0: Ball
2-0: SINGLE (Line Drive, 6MD)
Gonzalo Álvarez to third
Batting: LHB Evan Nelson 0-0: Ball
1-0: DOUBLE (Line Drive, 78M)
Gonzalo Álvarez scores
Bruce Ingilby to third
Batting: RHB Martín Alejadre 0-0: SINGLE (Line Drive, 8RS)
Bruce Ingilby scores
Evan Nelson to third
Batting: RHB Jason Compton 0-0: Ball
1-0: Called Strike
1-1: Called Strike
1-2: Fielders Choice at 2nd, 5-4 (Groundball, 56)
Evan Nelson scores
Batting: LHB Jon Baxter 0-0: Ball
1-0: Called Strike
1-1: Ball
2-1: Called Strike
2-2: Ball
3-2: Ground out 1-3 (Groundball, 13S)
Top of the 4th over - 4 run(s), 5 hit(s), 0 error(s), 1 left on base; Lannister United 6 - Athletic Club KC Academy 0
BOTTOM OF THE 4TH
Athletic Club KC Academy batting - Pitching for Lannister United Lionhearts : RHP Enea Dini
Batting: RHB Nathaniel Gault 0-0: Swinging Strike
0-1: Fly out, F9 (Flyball, 9LS)
Batting: LHB Tony García 0-0: Ground out 1-3 (Groundball, 15)
Batting: LHB Michael Landry 0-0: Called Strike
0-1: Fly out, F8 (Flyball, 8LM)
Bottom of the 4th over - 0 run(s), 0 hit(s), 0 error(s), 0 left on base; Lannister United 6 - Athletic Club KC Academy 0
TOP OF THE 5TH
Lannister United Lionhearts batting - Pitching for Athletic Club KC Academy : RHP César Méndez
Batting: LHB António Boccanegra 0-0: Called Strike
0-1: Ball
1-1: Ball
2-1: Ground out 3-1 (Groundball, 34S)
Batting: RHB Tony Martínez 0-0: Called Strike
0-1: Swinging Strike
0-2: Foul Ball, location: 2F
0-2: Ball
1-2: Ball
2-2: Foul Ball, location: 2F
2-2: Foul Ball, location: 2F
2-2: SINGLE (Line Drive, 6MD)
Batting: LHB Gonzalo Álvarez 0-0: Ball
1-0: Ball
2-0: Ball
3-0: Called Strike
3-1: Foul Ball, location: 2F
3-2: Fly out, F7 (Flyball, 7S)
Pitching: LHP Salbatore Alejos
Batting: SHB Corey Neace 0-0: Ball
1-0: Ball
2-0: Called Strike
2-1: Swinging Strike
2-2: Fly out, F3 (Line Drive, 3S)
Top of the 5th over - 0 run(s), 1 hit(s), 0 error(s), 1 left on base; Lannister United 6 - Athletic Club KC Academy 0
BOTTOM OF THE 5TH
Athletic Club KC Academy batting - Pitching for Lannister United Lionhearts : RHP Enea Dini
Batting: RHB Iván Chacón 0-0: Foul Ball, location: 2F
0-1: SINGLE (Groundball, 6MD)
Batting: LHB Enrique Miranda 0-0: Ball
1-0: Ball
2-0: Foul Ball, location: 2F
2-1: Fielders Choice at 2nd, 4-6 (Groundball, 4)
Batting: RHB José Flores 0-0: Swinging Strike
0-1: Foul Ball, location: 2F
0-2: Ball
1-2: Fly out, F9 (Flyball, 9LS)
Batting: RHB Felipe Pabalate 0-0: Ball
Enrique Miranda steals 2nd base
1-0: Called Strike
1-1: Foul Ball, location: 2F
1-2: SINGLE (Groundball, 56D)
Enrique Miranda to third
Runner from 3rd tries for Home, SAFE, no throw
Batting: RHB Filip Huigen 0-0: Fielders Choice at 2nd, 4-6 (Groundball, 4)
Bottom of the 5th over - 1 run(s), 2 hit(s), 0 error(s), 0 left on base; Lannister United 6 - Athletic Club KC Academy 1
TOP OF THE 6TH
Lannister United Lionhearts batting - Pitching for Athletic Club KC Academy : LHP Salbatore Alejos
Batting: RHB Bruce Ingilby 0-0: Called Strike
0-1: Foul Ball, location: 2F
0-2: Ball
1-2: Ball
2-2: Foul Ball, location: 2F
2-2: Fly out, F8 (Flyball, 89D)
Batting: LHB Evan Nelson 0-0: Fly out, F7 (Flyball, 7)
Batting: RHB Martín Alejadre 0-0: Called Strike
0-1: Swinging Strike
0-2: Strikes out swinging
Top of the 6th over - 0 run(s), 0 hit(s), 0 error(s), 0 left on base; Lannister United 6 - Athletic Club KC Academy 1
BOTTOM OF THE 6TH
Athletic Club KC Academy batting - Pitching for Lannister United Lionhearts : RHP Enea Dini
Batting: SHB Sang-your Yu 0-0: Ball
1-0: Ball
2-0: Fly out, F3 (Flyball, 3D)
Batting: RHB Nathaniel Gault 0-0: Called Strike
0-1: Swinging Strike
0-2: Fly out, F9 (Flyball, 9)
Batting: LHB Tony García 0-0: Ball
1-0: Called Strike
1-1: Foul Ball, location: 2F
1-2: DOUBLE (Line Drive, 9LM) - OUT at third base trying to stretch hit.
Bottom of the 6th over - 0 run(s), 1 hit(s), 0 error(s), 0 left on base; Lannister United 6 - Athletic Club KC Academy 1
TOP OF THE 7TH
Lannister United Lionhearts batting - Pitching for Athletic Club KC Academy : LHP Salbatore Alejos
Batting: RHB Jason Compton 0-0: Ball
1-0: Ground out 4-3 (Groundball, 34)
Batting: LHB Jon Baxter 0-0: Called Strike
0-1: Ball
1-1: Foul Ball, location: 2F
1-2: SINGLE (Flyball, 89S)
Batting: LHB António Boccanegra 0-0: Called Strike
0-1: Foul Ball, location: 2F
0-2: Grounds into double play, 4-6-3 (Groundball, 4)
Top of the 7th over - 0 run(s), 1 hit(s), 0 error(s), 0 left on base; Lannister United 6 - Athletic Club KC Academy 1
BOTTOM OF THE 7TH
Athletic Club KC Academy batting - Pitching for Lannister United Lionhearts : RHP Enea Dini
Batting: LHB Michael Landry 0-0: Ball
1-0: Ball
2-0: Ground out 4-3 (Groundball, 4)
Batting: RHB Iván Chacón 0-0: Ball
1-0: Called Strike
1-1: Ball
2-1: Ground out 5-3 (Groundball, 56S)
Batting: LHB Enrique Miranda 0-0: Ball
1-0: Ground out 4-3 (Groundball, 34D)
Bottom of the 7th over - 0 run(s), 0 hit(s), 0 error(s), 0 left on base; Lannister United 6 - Athletic Club KC Academy 1
TOP OF THE 8TH
Lannister United Lionhearts batting - Pitching for Athletic Club KC Academy : LHP Salbatore Alejos
Batting: RHB Tony Martínez 0-0: Ball
1-0: Ball
2-0: Ground out 4-3 (Groundball, 4)
Batting: LHB Gonzalo Álvarez 0-0: Ball
1-0: Ground out 6-3 (Groundball, 6)
Batting: SHB Corey Neace 0-0: Called Strike
0-1: Foul Ball, location: 2F
0-2: Fly out, F7 (Flyball, 7S)
Top of the 8th over - 0 run(s), 0 hit(s), 0 error(s), 0 left on base; Lannister United 6 - Athletic Club KC Academy 1
BOTTOM OF THE 8TH
Athletic Club KC Academy batting - Pitching for Lannister United Lionhearts : RHP Enea Dini
Batting: RHB José Flores 0-0: Called Strike
0-1: Ground out 3-1 (Groundball, 34)
Batting: RHB Felipe Pabalate 0-0: Fly out, F7 (Line Drive, 7)
Batting: RHB Filip Huigen 0-0: Called Strike
0-1: Ball
1-1: Foul Ball, location: 2F
1-2: Fly out, F9 (Flyball, 89M)
Bottom of the 8th over - 0 run(s), 0 hit(s), 0 error(s), 0 left on base; Lannister United 6 - Athletic Club KC Academy 1
TOP OF THE 9TH
Lannister United Lionhearts batting - Pitching for Athletic Club KC Academy : LHP Salbatore Alejos
Batting: RHB Bruce Ingilby 0-0: Swinging Strike
0-1: Ball
1-1: Ball
2-1: Ball
3-1: Called Strike
3-2: Foul Ball, location: 2F
3-2: Strikes out swinging
Batting: LHB Evan Nelson 0-0: Called Strike
0-1: Swinging Strike
0-2: Strikes out looking
Batting: RHB Martín Alejadre 0-0: Ball
1-0: Ball
2-0: Called Strike
2-1: Ball
3-1: Base on Balls
Batting: RHB Jason Compton 0-0: Ball
1-0: Foul Ball, location: 2F
1-1: Ball
2-1: Swinging Strike
2-2: Strikes out swinging
Top of the 9th over - 0 run(s), 0 hit(s), 0 error(s), 1 left on base; Lannister United 6 - Athletic Club KC Academy 1
BOTTOM OF THE 9TH
Athletic Club KC Academy batting - Pitching for Lannister United Lionhearts : RHP Enea Dini
Now at 2B: Ángel Arroyo
Now in LF: Lloyd Walsh
Batting: SHB Sang-your Yu 0-0: Called Strike
0-1: Ball
1-1: Fly out, F7 (Flyball, 7)
Batting: RHB Nathaniel Gault 0-0: Called Strike
0-1: Ball
1-1: Foul Ball, location: 2F
1-2: Ball
2-2: Foul Ball, location: 2F
2-2: Ground out 4-3 (Groundball, 4M)
Batting: LHB Tony García 0-0: DOUBLE (Line Drive, 78XD)
Batting: LHB Michael Landry 0-0: Ball
1-0: Ball
2-0: Swinging Strike
2-1: Ball
3-1: Swinging Strike
3-2: Foul Ball, location: 2F
3-2: Base on Balls
Batting: RHB Iván Chacón 0-0: Called Strike
0-1: Fly out, F9 (Flyball, 9LMF)
Bottom of the 9th over - 0 run(s), 1 hit(s), 0 error(s), 2 left on base; Lannister United 6 - Athletic Club KC Academy 1
Friday, December 30th, 2016 - OOTP Baseball 17.12 Build 75